 Dungeon Crawl Stone Soup version 0.25-a0-577-ga4619f409e (webtiles) character file.

Game seed: 15037579118383440100, levelgen mode: deterministic

72 Flugslaktarn the Covered (level 4, 0/42 HPs)
             Began as a Deep Dwarf Fighter on Mar 2, 2020.
             Splashed by an orc's acid (9 damage)
             ... on level 4 of the Dungeon.
             The game lasted 00:00:27 (411 turns).

Flugslaktarn the Covered (Deep Dwarf Fighter)        Turns: 411, Time: 00:00:27

Health: 0/42       AC:  3    Str: 21    XL:     4   Next: 6%
Magic:  4/4        EV:  7    Int:  8    God:
Gold:   65         SH:  9    Dex: 12    Spells: 3/3 levels left

rFire    . . .     SeeInvis .   a - +0 war axe
rCold    . . .     Gourm    .   c - +0 kite shield
rNeg     . . .     Faith    .   b - +0 scale mail
rPois    .         Spirit   .   (no helmet)
rElec    .         Reflect  .   (no cloak)
rCorr    .         Harm     .   (no gloves)
MR       .....                  (no boots)
Stlth    ..........             (no amulet)
HPRegen  0.00/turn              (no ring)
MPRegen  0.09/turn              (no ring)

@: lethally poisoned (0 -> 0), corroded, non-regenerating
A: damage resistance, heal wounds, sense surroundings 1, no regeneration
a: Heal Wounds


You were on level 4 of the Dungeon.
You were not hungry.

You visited 1 branch of the dungeon, and saw 4 of its levels.

You collected 65 gold pieces.

Inventory:

Hand Weapons
 a - a +0 war axe (weapon)
Armour
 b - a +0 scale mail (worn)
 c - a +0 kite shield (worn)
Scrolls
 f - a scroll of immolation {unknown}
Potions
 d - a potion of might
 h - 2 potions of degeneration {unknown}
 i - a potion of heal wounds {unknown}
 j - a potion of stabbing {unknown}
 k - a potion of ambrosia {unknown}
Comestibles
 e - 5 rations
 g - 7 chunks of flesh


   Skills:
 + Level 3.1 Fighting
 * Level 3.4 Axes
 + Level 3.8 Armour
 + Level 3.8 Shields


You had 3 spell levels left.
You didn't know any spells.
Your spell library was empty.

Dungeon Overview and Level Annotations

Branches:
Dungeon (4/15)
 Temple: D:4-7

Altars:
Dithmenos
Uskayaw


Innate Abilities, Weirdness & Mutations

You are resistant to damage.
You can heal yourself by infusing magical energy.
You passively map a small area around you.
You do not regenerate.


Message History

Found a stone staircase leading down.
The orc shouts!
You slash the orc!
You kill the orc!
You block the orc's attack.
The orc throws a poisoned dart.
The poisoned dart hits you!
You are poisoned.
The orc hits you from afar with a +0 trident.
You block the orc's attack.
You see here a +0 whip.
You barely miss the orc. The orc hits you but does no damage.
The orc barely misses you.
You closely miss the orc. You completely miss the orc.
The orc hits you with a +0 trident.
The orc zaps a wand.
The bolt of acid hits the orc!!
The orc is splashed with acid.
The orc dies!
The bolt of acid hits you!!
* * * LOW HITPOINT WARNING * * *
The acid corrodes you!
You are splashed with acid!
You die...

.........# , #.........#
,, , ,
#.........#.......
#.........#.......
+.........#....... ,,,
#######.......))#.......
..............).#...##..
.>....o.......).#.......
, ,
......)@(.......#.8.8.8.
....o...................
,
.....$..................
,
.................#......
,, ,
.................#_)....
,
#######..........#......
#.................
+.................
#...........8.8.8.


You could see 2 orcs.

Vanquished Creatures
  An orc priest (D:4)
  An adder (D:4)
  A dart slug (D:1)
  A leopard gecko (D:4)
  5 orcs
  2 bats (D:1)
  3 giant cockroaches
  2 hobgoblins (D:1)
  4 frilled lizards
  A goblin (D:2)
  A kobold (D:1)
  7 rats
29 creatures vanquished.

Vanquished Creatures (others)
  An orc (D:4)
1 creature vanquished.

Grand Total: 30 creatures vanquished

Notes
Turn   | Place    | Note
-------+----------+-------------------------------------------
     0 | D:1      | Flugslaktarn the Deep Dwarf Fighter began the quest for the
                  | Orb.
     0 | D:1      | Reached XP level 1. HP: 20/20 MP: 1/1
    90 | D:1      | Reached XP level 2. HP: 24/27 MP: 2/2
   255 | D:4      | Found a shadowy altar of Dithmenos.
   372 | D:4      | Found a hide-covered altar of Uskayaw.
   394 | D:4      | Reached XP level 3. HP: 23/33 MP: 3/3
   397 | D:4      | Reached XP level 4. HP: 30/42 MP: 4/4
   411 | D:4      | Splashed by an orc's acid

Levels and vault maps discovered:
D:1:      minmay_arrival_four_circles, layout_rooms
D:2:      layout_rooms, old_standard_altar, minmay_misc_feat_chi
D:3:      kb_forest_paths, layout_basic, chequers_temple_overflow_minitemple,
          first_ration
D:4:      kennysheep_the_goblin_king, layout_gridville,
          grunt_dithmenos_smoke_and_mirrors, eat_drink_and_be_merry_uskayaw

Skill      XL: |  1  2  3 |
---------------+----------+-----
Axes           | 3 |  3.4
Fighting       | 3 |  3.1
Armour         | |  3.8
Shields        | |  3.8

Action                   |  1- 3 |  4- 6 || total
-------------------------+-------+-------++-------
Melee: War axe           |    72 |     3 ||    75
 Abil: Heal Wounds       |     1 |       ||     1
Armor: Scale mail        |    38 |     1 ||    39
Dodge: Dodged            |    25 |     1 ||    26
Block: Kite shield       |    43 |     3 ||    46

Table legend:
 A = Non-vault XP
 B = Vault XP
 C = Vault XP percentage of total XP
 D = Non-vault monster count
 E = Vault monster count
 F = Vault count percentage of total count
                 A         B        C        D         E       F
            +---------+---------+-------+---------+---------+-------
      Total |     103 |       0 |   0.0 |      29 |       0 |   0.0
            +---------+---------+-------+---------+---------+-------
        D:1 |      23 |       0 |   0.0 |      15 |       0 |   0.0
        D:2 |       2 |       0 |   0.0 |       2 |       0 |   0.0
        D:3 |       7 |       0 |   0.0 |       4 |       0 |   0.0
        D:4 |      71 |       0 |   0.0 |       8 |       0 |   0.0
            +---------+---------+-------+---------+---------+-------
